 Dungeon Crawl Stone Soup version 0.18-a0-49-gd105b5a (webtiles) character file.

6366 SlimeFever the Cleaver (level 10, 0/91 HPs)
             Began as a Deep Dwarf Fighter on Nov 6, 2015.
             Was a Believer of Elyvilon.
             Slain by an unseen horror (2 damage)
             ... on level 10 of the Dungeon on Nov 7, 2015.
             The game lasted 01:15:59 (8519 turns).

SlimeFever the Cleaver (Deep Dwarf Fighter)         Turns: 8519, Time: 01:15:59

Health: 0/91       AC: 10    Str: 26    XL:     10   Next: 65%
Magic:  12/12      EV: 20    Int:  6    God:    Elyvilon [**....]
Gold:   219        SH: 12    Dex: 17    Spells: 0 memorised, 9 levels left

rFire  . . .     SeeInvis .     k - +2 hand axe (chop)
rCold  + . .     Clarity  .     q - +1 ring mail "Vorit" {rC+ Regen+ rCorr Stlth-}
rNeg   + . .     SustAt   .     c - +0 shield
rPois  .         Gourm    .     (no helmet)
rElec  .         Spirit   .     (no cloak)
rCorr  +         Warding  .     C - +0 pair of gloves
rMut   .         Stasis   .     b - +0 pair of boots
MR     ++...                    (no amulet)
Stlth  +.........               y - ring "Iwkickis" {rN+ MR+ Str+4 Int-4}
                                h - +3 ring of slaying

@: agile, non-regenerating, very resistant to hostile enchantments, very
unstealthy
A: damage resistance, recharge devices, sense surroundings 2, slow regeneration
3
a: Device Recharging, Lesser Healing, Divine Protection, Heal Other, Renounce
Religion


You were on level 10 of the Dungeon.
You worshipped Elyvilon.
Elyvilon was pleased with you.
You were not hungry.

You visited 2 branches of the dungeon, and saw 11 of its levels.

You collected 487 gold pieces.
You spent 268 gold pieces at shops.

Inventory:

Hand Weapons
 a - a +1 war axe
 k - a +2 hand axe of chopping (weapon)
Missiles
 j - 15 bolts of penetration
 u - 46 bolts
Armour
 b - a +0 pair of boots (worn)
 c - a +0 shield (worn)
 q - the +1 ring mail "Vorit" (worn) {rC+ Regen+ rCorr Stlth-}
   (You found it on level 4 of the Dungeon)

   It protects you from cold.
   It increases your rate of regeneration.
   It protects you from acid and corrosion.
   It makes you less stealthy.
 C - a +0 pair of gloves (worn)
 F - a +0 plate armour
 H - a +0 leather armour of fire resistance
Jewellery
 h - a +3 ring of slaying (left hand)
 y - the ring "Iwkickis" (right hand) {rN+ MR+ Str+4 Int-4}
   (You found it on level 8 of the Dungeon)

   [ring of positive energy]

   It affects your strength (+4).
   It affects your intelligence (-4).
   It protects you from negative energy.
   It affects your resistance to hostile enchantments.
Wands
 e - a wand of heal wounds (0)
 m - a wand of flame (25)
 w - a wand of slowing (17)
 x - a wand of disintegration (17)
Scrolls
 n - a scroll of magic mapping
 p - 3 scrolls of identify
 v - 4 scrolls of teleportation
 z - a scroll of remove curse
 D - a scroll of enchant armour {unknown}
 G - a scroll of summoning {unknown}
 I - a scroll of enchant weapon
Potions
 i - 3 potions of flight
 l - a potion of brilliance
 o - a potion of might
 s - a potion of magic
 A - a potion of mutation
 B - a potion of curing
 E - a potion of agility
Miscellaneous
 d - a sack of spiders
Comestibles
 f - 12 bread rations
 g - 2 slices of pizza
 r - 4 fruits
 t - 6 beef jerkies


   Skills:
 + Level 6.0 Fighting
 + Level 8.8 Axes
 + Level 7.9 Armour
 + Level 7.4 Dodging
 + Level 1.3 Stealth
 + Level 7.4 Shields
 * Level 7.8 Invocations
 + Level 1.8 Evocations


You had 9 spell levels left.
You didn't know any spells.

Dungeon Overview and Level Annotations

Branches:
Dungeon (10/15)            Temple (1/1) D:4            Lair (0/8) D:8
    Orc: D:9-12

Altars:
Ashenzari
Cheibriados
Dithmenos
Elyvilon
Fedhas
Gozag
Kikubaaqudgha
Makhleb
Nemelex Xobeh
Okawaru
Qazlal
Ru
Sif Muna
Trog
Vehumet
Xom
Yredelemnul
Zin
The Shining One

Shops:
D:4 !   D:10 *


Innate Abilities, Weirdness & Mutations

You are resistant to damage.
You can recharge devices by infusing magical energy.
You passively map the area around you.
You do not regenerate naturally.


Message History

You hit something. Something hits you.
* * * LOW HITPOINT WARNING * * *
Something hits you!
* * * LOW HITPOINT WARNING * * *
Something hits you but does no damage.
Your shield prevents you from hitting something.
Something hits you but does no damage. You block its attack.
Your shield prevents you from hitting something.
Something hits you but does no damage.
You hit something but do no damage. Something hits you!
* * * LOW HITPOINT WARNING * * *
You hit something. Something hits you!
* * * LOW HITPOINT WARNING * * *
Something hits you but does no damage. You block its attack.
That item cannot be evoked!
Evoke which item? (* to show all) (? for menu, Esc to quit)
Okay, then.
You feel agile all of a sudden. Something hits you.
You die...

,, #..# * #.## ..
* #.# ...., #.#
*.....##.#
*..)....†#########
*...............[#
........#######.#
*.#......# #@#
#...#### #.# ####
#.# , #.# * #.#
#.# , #.# , * ** *
#.# , , ,, * , ..#


There were no monsters in sight!

Vanquished Creatures
  The ghost of Duffy the Skirmisher, a novice FoHu (D:5)
  The ghost of WhatIsLove the Shield-Bearer, a novice FoFi (D:6)
  A troll (D:10)
  A two-headed ogre (D:8)
  The ghost of Duffy the Bolt Thrower, an amateur FoHu of Makhleb (D:3)
  Sigmund (D:3)
  2 hippogriffs
  Edmund (D:5)
  A sky beast (D:9)
  5 orc warriors
  4 phantoms
  2 black bears
  A necrophage (D:7)
  8 ogres
  An ice beast (D:8)
  3 centaurs
  A giant frog (D:7)
  A wyvern skeleton (D:10)
  5 scorpions
  9 wights (D:10)
  6 crimson imps
  A centaur skeleton (D:9)
  2 jellies
  9 orc priests
  Ijyb (D:2)
  3 giant frog skeletons
  5 hounds
  A giant frog zombie (D:6)
  2 iguanas
  5 orc wizards
  Terence (D:2)
  8 worker ants
  11 adders
  6 gnolls
  4 shadow imps
  An ooze (D:4)
  An adder skeleton (D:9)
  An adder zombie (D:7)
  2 worms (D:2)
  6 giant geckos
  67 orcs
  7 bats
  7 goblins
  7 hobgoblins
  14 jackals
  3 ball pythons
  A ball python skeleton (D:5)
  5 giant cockroaches
  3 giant gecko skeletons
  3 giant newts
  5 kobolds
  4 quokkas
  A quokka skeleton (D:4)
  10 rats
263 creatures vanquished.

Notes
Turn   | Place    | Note
--------------------------------------------------------------
     0 | D:1      | SlimeFever the Deep Dwarf Fighter began the quest for the Orb.
     0 | D:1      | Reached XP level 1. HP: 20/20 MP: 1/1
   555 | D:1      | Reached XP level 2. HP: 24/27 MP: 2/2
  1030 | D:2      | Found a shattered altar of Ashenzari.
  1069 | D:2      | Found a snail-covered altar of Cheibriados.
  1238 | D:2      | Found a radiant altar of Vehumet.
  1465 | D:2      | Noticed Terence
  1479 | D:2      | Killed Terence
  1479 | D:2      | Reached skill level 4 in Armour
  1479 | D:2      | Reached XP level 3. HP: 19/34 MP: 3/3
  1612 | D:2      | Noticed Ijyb
  1632 | D:2      | Killed Ijyb
  1632 | D:2      | Reached XP level 4. HP: 22/42 MP: 4/4
  1633 | D:2      | Reached skill level 1 in Dodging
  1785 | D:2      | Found an iron altar of Okawaru.
  2046 | D:3      | Found a shimmering altar of Xom.
  2116 | D:3      | Noticed Sigmund
  2129 | D:3      | Killed Sigmund
  2129 | D:3      | Reached skill level 5 in Armour
  2129 | D:3      | Reached skill level 1 in Stealth
  2129 | D:3      | Reached XP level 5. HP: 29/49 MP: 5/5
  2129 | D:3      | Reached XP level 6. HP: 33/56 MP: 6/6
  2220 | D:3      | Noticed Duffy's ghost (amateur FoHu)
  2246 | D:3      | Killed Duffy's ghost
  2339 | D:3      | Found a blossoming altar of Fedhas.
  2339 | D:3      | Found an ancient bone altar of Kikubaaqudgha.
  2860 | D:4      | Reached XP level 7. HP: 32/62 MP: 7/7
  2864 | D:4      | HP: 2/62 [orc priest/divine providence (10)]
  2904 | D:4      | Found a staircase to the Ecumenical Temple.
  2927 | Temple   | Entered the Ecumenical Temple
  2954 | Temple   | Became a worshipper of the Shining One
  3017 | D:4      | Found an opulent altar of Gozag.
  3064 | D:4      | Reached skill level 6 in Armour
  3316 | D:4      | Found a bloodstained altar of Trog.
  3425 | D:4      | Got an encrusted ring mail
  3436 | D:4      | Identified the +1 ring mail "Vorit" {rC+ Regen+ rCorr Stlth-} (You found it on level 4 of the Dungeon)
  3483 | D:4      | Found Ytwaby's Distillery.
  3498 | D:4      | Bought a potion of heal wounds for 70 gold pieces
  3570 | D:4      | Got a distressingly furry leather armour
  3581 | D:4      | Identified the cursed +1 leather armour of the Hanged Man {-Tele MR+ Regen+ rCorr} (You found it on level 4 of the Dungeon)
  3687 | D:4      | Reached skill level 5 in Axes
  4015 | D:5      | Entered Level 5 of the Dungeon
  4030 | D:5      | Noticed Duffy's ghost (novice FoHu)
  4034 | D:5      | Noticed Edmund
  4077 | D:5      | Killed Duffy's ghost
  4077 | D:5      | Reached skill level 5 in Shields
  4077 | D:5      | Reached XP level 8. HP: 37/72 MP: 7/7
  4203 | D:5      | Reached * piety under the Shining One
  4224 | D:5      | Found a burning altar of Makhleb.
  4353 | D:5      | Reached skill level 7 in Armour
  4356 | D:5      | Reached skill level 1 in Invocations
  4705 | D:5      | Killed Edmund
  4721 | D:5      | Reached skill level 5 in Dodging
  5061 | D:6      | Reached ** piety under the Shining One
  5066 | D:6      | Gained mutation: You passively map the area around you. [Deep Dwarf growth]
  5066 | D:6      | Reached XP level 9. HP: 35/79 MP: 9/9
  5229 | D:6      | Found a white marble altar of Elyvilon.
  5232 | D:6      | Fell from the grace of the Shining One
  5232 | D:6      | Became a worshipper of Elyvilon the Healer
  5281 | D:6      | Noticed WhatIsLove's ghost (novice FoFi)
  5290 | D:6      | Killed WhatIsLove's ghost
  5290 | D:6      | Reached skill level 1 in Evocations
  5467 | D:6      | Reached * piety under Elyvilon
  6035 | D:7      | Reached skill level 5 in Fighting
  6116 | D:7      | Reached skill level 5 in Invocations
  6168 | D:7      | Identified a +0 rod of clouds (11/11) (You found it on level 7 of the Dungeon)
  6602 | D:7      | Found a glowing silver altar of Zin.
  6728 | D:8      | Reached skill level 8 in Axes
  6743 | D:8      | Found a staircase to the Lair.
  6756 | D:8      | Reached XP level 10. HP: 43/88 MP: 12/12
  6909 | D:8      | Got a pitted golden ring
  6910 | D:8      | Identified the ring "Iwkickis" {rN+ MR+ Str+4 Int-4} (You found it on level 8 of the Dungeon)
  7185 | D:9      | Found a shadowy altar of Dithmenos.
  7367 | D:9      | Got a twisted whip
  7368 | D:9      | Identified the cursed +0 whip of Muas {slash, rF+ rN++ Int-5} (You found it on level 9 of the Dungeon)
  7422 | D:9      | Reached ** piety under Elyvilon
  7437 | D:9      | Found a stormy altar of Qazlal.
  7734 | D:9      | Found a blossoming altar of Fedhas.
  7825 | D:10     | Entered Level 10 of the Dungeon
  7917 | D:10     | Found Roaph's Assorted Antiques.
  7923 | D:10     | Bought 3 scrolls of identify for 198 gold pieces
  7998 | D:10     | Found a snail-covered altar of Cheibriados.
  8241 | D:10     | Noticed a cyclops
  8350 | D:10     | Noticed a tengu warrior
  8404 | D:10     | HP: 2/91 [troll (5)]
  8518 | D:10     | HP: 2/91 [something (6)]
  8519 | D:10     | Slain by an unseen horror

Vault maps used:
D:1:      minmay_arrival_split_and_join, serial_co_window_serial,
          co_window_paths_b, co_window_paths_b, co_window_corner_a,
          co_window_cross_1, co_window_of_opportunity_a,
          co_window_of_opportunity_b, co_window_of_opportunity_c,
          co_window_corner_cb, co_window_corner_b, glass_columns_a,
          glass_columns_a
D:2:      nicolae_overflow_crystal_walls, ashenzari_altar_1,
          overflow_temple_1_default, lemuel_round_altar, uniq_terence, uniq_iyjb
D:3:      lemuel_round_altar, grunt_temple_overflow_growth_and_decay,
          uniq_sigmund
D:4:      kennysheep_mini, grunt_gozag_breadcrumbs, temple_pool_a, first_bread,
          serial_shops, shop
D:5:      nicolae_sextant, makhleb_blood_cavern_becter, uniq_edmund
D:6:      lemuel_doored_altar, serial_bayou_crossing
D:7:      zin_statuary, grunt_ogre_cave
D:8:      dpeg_oklobed_lair, serial_glass, glass_columns_b, glass_columns_a
D:9:      lemuel_crystal_altar, nicolae_qazlal_general_emergency,
          dk_noncrumbling_2, statue_in_the_mist_lemuel, fedhas_altar_2
D:10:     serial_shops, shop, kennysheep_flooded_box, minivault_12
Temple:   hc_temple_tempest_star

Action                   |  1- 3 |  4- 6 |  7- 9 | 10-12 || total
-------------------------+-------+-------+-------+-------++-------
Melee: War axe           |   106 |   131 |   309 |       ||   546
       Hand axe          |       |       |   166 |   273 ||   439
Invok: Lesser Healing    |       |       |     9 |    20 ||    29
       Heal Other        |       |       |       |     2 ||     2
 Abil: Device Recharging |       |       |     2 |     1 ||     3
Evoke: Wand              |     1 |     4 |     9 |     4 ||    18
  Use: Scroll            |     1 |     9 |     6 |     6 ||    22
       Potion            |       |     2 |     7 |     2 ||    11
  Eat: Meat ration       |     1 |     1 |     2 |     2 ||     6
       Royal jelly       |       |       |     1 |       ||     1
